 Dungeon Crawl Stone Soup version 0.29.1-1-gd02db6906a (webtiles) character file.

Game seed: 9320382591202778266

13059 LustLizard the Grappler (level 11, 0/113 HPs)
             Began as a Troll Fighter on Sept 18, 2022.
             Was a Believer of Wu Jian.
             Slain by a komodo dragon (27 damage)
             ... on level 1 of the Lair of Beasts.
             The game lasted 00:20:52 (11161 turns).

LustLizard the Grappler (Troll Fighter)            Turns: 11161, Time: 00:20:52

Health: 0/113      AC:  9    Str: 26    XL:     11   Next: 70%
Magic:  10/10      EV:  8    Int:  8    God:    Wu Jian [**....]
Gold:   672        SH:  9    Dex:  9    Spells: 10/10 levels left

rFire   . . .      SeeInvis +     - Unarmed
rCold   . . .      Faith    .   b - +0 kite shield
rNeg    . . .      Spirit   .   A - +0 troll leather armour
rPois   +          Reflect  .   (helmet restricted)
rElec   .          Harm     .   X - +2 cloak {rPois}
rCorr   .          Rampage  .   (gloves unavailable)
Will    .....                   (boots unavailable)
Stlth   ++........              F - amulet of magic regeneration
HPRegen 1.88/turn               f - ring of see invisible
MPRegen 0.52/turn               J - ring of Shadows {Umbra +Inv Stlth+}

@: wreathed by umbra
A: large, unfitting armour, claws 3, regeneration 1, shaggy fur 1, tough skin 1
a: Renounce Religion, Evoke Invisibility, Wall Jump


You were on level 1 of the Lair of Beasts.
You worshipped Wu Jian.
Wu Jian was pleased with you.
You visited 3 branches of the dungeon, and saw 13 of its levels.

You collected 708 gold pieces.
You spent 36 gold pieces at shops.

Inventory:

Hand Weapons
 S - the +11 mace of Cruel Justice {vorpal, Int+5}
   (You found it on level 8 of the Dungeon)

   It inflicts extra damage upon your enemies.
   Int:       It affects your intelligence (+5).
Missiles
 e - 85 stones
 j - 6 poisoned darts (quivered)
 x - 14 boomerangs
 Q - 4 throwing nets
Armour
 a - a +0 robe
 b - a +0 kite shield (worn)
 A - a +0 troll leather armour (worn)
 U - a +0 cloak
 X - a +2 cloak of poison resistance (worn)
Jewellery
 f - a ring of see invisible (left claw)
 n - a ring of fire
 F - an amulet of magic regeneration (around neck)
 J - the ring of Shadows (right claw) {Umbra +Inv Stlth+}
   (You found it on level 8 of the Dungeon)

   [ring of stealth]

   It surrounds you with an aura of shadow, increasing your stealth and reducing
   the accuracy of all others within it.
   +Inv:      It lets you turn invisible.
   Stlth:     It makes you more stealthy.
Wands
 d - a wand of digging (2)
 t - a wand of iceblast (5)
 B - a wand of flame (71)
 D - a wand of charming (16)
 P - a wand of quicksilver (5)
 V - a wand of mindburst (4)
Scrolls
 h - 4 scrolls of poison
 i - 6 scrolls of noise
 k - 5 scrolls of enchant armour {unknown}
 o - 2 scrolls of silence
 p - 4 scrolls of immolation {unknown}
 s - 2 scrolls of summoning {unknown}
 v - 2 scrolls of blinking {unknown}
 w - 3 scrolls of teleportation {unknown}
 y - 2 scrolls of amnesia {unknown}
 E - a scroll of enchant weapon {unknown}
 I - a scroll of brand weapon {unknown}
 M - 2 scrolls of torment {unknown}
 N - 2 scrolls of butterflies {unknown}
 O - a scroll of acquirement {unknown}
 R - a scroll of vulnerability {unknown}
 W - a scroll of magic mapping {unknown}
Potions
 c - 3 potions of might
 g - 3 potions of haste
 l - 3 potions of degeneration
 m - a potion of lignification
 q - 2 potions of resistance
 r - 3 potions of cancellation
 u - a potion of invisibility
 z - a potion of berserk rage
 C - a potion of flight
 G - 2 potions of ambrosia
 H - 3 potions of attraction
 L - a potion of mutation {unknown}
 T - a potion of heal wounds
Miscellaneous
 K - a phantom mirror


   Skills:
 + Level 8.4 Fighting
 - Level 2.4 Dodging
 + Level 9.2 Shields
 * Level 13.5 Unarmed Combat


You had 10 spell levels left.
You didn't know any spells.
Your spell library contained the following spells:

 Spells                   Type           Power      Damage    Failure   Level
 Magic Dart               Conj           0%         1d3       67%         1
 Shock                    Conj/Air       0%         1d3       67%         1
 Slow                     Hex            0%         N/A       67%         1
 Call Imp                 Summ           0%         N/A       82%         2
 Scorch                   Fire           0%         2d5       82%         2
 Mephitic Cloud           Conj/Pois/Air  0%         N/A       96%         3
 Portal Projectile        Hex/Tloc       0%         N/A       96%         3
 Swiftness                Air            0%         N/A       96%         3
 Tukima's Dance           Hex            0%         N/A       96%         3
 Airstrike                Air            0%         2d(0-16)  100%        4
 Flame Wave               Conj/Fire      0%         2d4       100%        4
 Petrify                  Tmut/Erth      0%         N/A       100%        4
 Blade Hands              Tmut           0%         N/A       100%        5
 Metabolic Englaciation   Hex/Ice        0%         N/A       100%        5
 Summon Forest            Summ/Tloc      0%         N/A       100%        5
 Statue Form              Tmut/Erth      0%         N/A       100%        6
 Summon Cactus Giant      Summ           0%         N/A       100%        6
 Dragon's Call            Summ           0%         N/A       100%        9


Dungeon Overview and Level Annotations

Branches:
Dungeon (11/15)            Temple (1/1) D:6            Lair (1/5) D:11
    Orc (0/2) D:9

Altars:
Ashenzari
Cheibriados
Dithmenos
Elyvilon
Fedhas
Gozag
Hepliaklqana
Kikubaaqudgha
Makhleb
Nemelex Xobeh
Okawaru
Qazlal
Ru
Sif Muna
Trog
Uskayaw
Vehumet
Wu Jian
Xom
Yredelemnul
Zin
The Shining One

Shops:
D:2 :!   D:11 [

Annotations:
D:7 3 runed translucent doors, CertainDeath's ghost, novice TrTm; Zeldest's ghost, novice OgCK; smilodon's ghost, amateur TrFi


Innate Abilities, Weirdness & Mutations

You are too large for most types of armour.
You have claws for hands.
Your natural rate of healing is unusually fast.
You are covered in fur. (AC +1)
You have tough skin. (AC +1)


Message History

The black bear barely misses you. You block the black bear's attack. x2
You barely miss the black bear.
The black bear is heavily wounded.
You feel sick. The black bear barely misses you. x2
You block the black bear's attack.
You claw the black bear!
The black bear is almost dead.
You feel sick.
A wolf comes into view.
You mangle the black bear!!
You kill the black bear!
The Council accepts your kill.
You feel sick.
Found a wand of iceblast (1).
You feel sick.
You feel sick.
You feel sick.
You lunge at the komodo dragon.
You mangle the komodo dragon!!
The komodo dragon is heavily wounded.
You feel sick. The komodo dragon bites you!! The wolf barely misses you.
You spin and attack the wolf.
You mangle the wolf!!
You kill the wolf!
The Council accepts your kill.
You spin and attack the komodo dragon.
You scratch the komodo dragon.
The komodo dragon is heavily wounded.
You feel sick.
You are no longer poisoned.
The komodo dragon bites you! The cane toad barely misses you.
You spin and attack the komodo dragon.
You claw the komodo dragon!
The komodo dragon is severely wounded.
You spin and attack the cane toad.
You claw the cane toad!
The cane toad is moderately wounded.
The komodo dragon bites you!
* * * LOW HITPOINT WARNING * * *
You block the cane toad's attack.
You spin and attack the komodo dragon.
You scratch the komodo dragon.
The komodo dragon is severely wounded.
You spin and attack the cane toad.
You scratch the cane toad.
The cane toad is heavily wounded.
The komodo dragon bites you!!
You die...

.######..## #######....P#.#####
.##.......# #....#............#
.##.....#.###.................#
.#..........#.........#.......##
....#....#.#####P....##...####.#
.##.#................###### ###
###..#P............###
#P..^.........#.....##
##..............@....#
#........#....lF...##
#..................#
##.......#....†......#
#.>...........(.......
#.###..........#....#.
#............## #.#.P.......##
./..........P


You could see a komodo dragon and a cane toad.

Vanquished Creatures
  A boulder beetle (D:11)
  Harold (D:9)
  A two-headed ogre (D:10)
  An ugly thing (D:11)
  A cyclops (D:11)
  A black mamba (Lair:1)
  2 unseen horrors
  A cane toad (Lair:1)
  A komodo dragon (D:10)
  A troll (D:10)
  A hornet (D:9)
  3 blink frogs (Lair:1)
  2 wyverns
  2 wraiths (D:10)
  A shadow (D:11)
  12 yaks
  A basilisk (Lair:1)
  5 vampire mosquitoes (D:11)
  2 steam dragons
  Eustachio (D:5)
  Menkaure (D:4)
  An acid dragon (D:11)
  7 water moccasins
  An orc warrior (D:9)
  4 black bears
  An ice beast (D:7)
  An ogre (D:4)
  7 wolves (Lair:1)
  4 centaurs
  A phantom (D:4)
  4 bullfrogs
  A kobold brigand (D:10)
  A gnoll sergeant (D:9)
  3 scorpions
  A necrophage (D:4)
  4 killer bees (D:10)
  5 howler monkeys
  A hound (D:4)
  7 orc priests
  A jelly (D:3)
  2 iguanas (D:6)
  7 orc wizards
  Natasha (thrice) (D:2)
  6 hell rats
  10 gnolls
  8 adders
  A shadow imp (D:8)
  3 white imps
  An ufetubus (D:3)
  A worm (D:2)
  2 dart slugs
  40 orcs
  6 ball pythons
  9 endoplasms
  6 giant cockroaches
  3 goblins (D:3)
  13 hobgoblins
  3 jackals (D:1)
  8 kobolds
  5 quokkas
  7 bats
  3 frilled lizards
  8 rats
252 creatures vanquished.

Vanquished Creatures (others)
  34 fungi
  30 plants
64 creatures vanquished.

Grand Total: 316 creatures vanquished

Notes
Turn   | Place    | Note
-------+----------+-------------------------------------------
     0 | D:1      | LustLizard the Troll Fighter began the quest for the Orb.
     0 | D:1      | Reached XP level 1. HP: 22/22 MP: 0/0
   113 | D:1      | Reached XP level 2. HP: 29/29 MP: 1/1
   417 | D:1      | Found a faded altar of an unknown god.
   584 | D:2      | Found Niphid's Assorted Antiques.
   650 | D:2      | Reached XP level 3. HP: 36/36 MP: 2/2
   670 | D:2      | Reached skill level 3 in Unarmed Combat
   724 | D:2      | Found Ugijylem's Distillery.
   732 | D:2      | Reached XP level 4. HP: 42/44 MP: 3/3
   737 | D:2      | Bought a potion of curing for 36 gold pieces
   797 | D:2      | Noticed Natasha
   807 | D:2      | Killed Natasha
  1039 | D:2      | Found Usahugel's Book Shoppe.
  1155 | D:2      | Noticed Natasha
  1164 | D:2      | Killed Natasha
  1165 | D:2      | Reached skill level 4 in Unarmed Combat
  1165 | D:2      | Reached XP level 5. HP: 53/53 MP: 4/4
  1247 | D:2      | Noticed Natasha
  1253 | D:2      | Killed Natasha
  1501 | D:3      | Found a faded altar of an unknown god.
  1505 | D:3      | Found a broken altar of Ashenzari.
  1586 | D:3      | Reached XP level 6. HP: 17/61 MP: 5/5
  2291 | D:4      | Reached skill level 5 in Unarmed Combat
  2310 | D:4      | Noticed Menkaure
  2364 | D:4      | Killed Menkaure
  2365 | D:4      | Reached XP level 7. HP: 59/70 MP: 6/6
  2435 | D:4      | Found a hide-covered altar of Uskayaw.
  2650 | D:4      | Reached skill level 6 in Unarmed Combat
  2673 | D:4      | Found a shimmering blue altar of Sif Muna.
  3485 | D:5      | Entered Level 5 of the Dungeon
  3686 | D:5      | Reached XP level 8. HP: 79/79 MP: 7/7
  3705 | D:5      | Reached skill level 5 in Shields
  3705 | D:5      | Reached skill level 7 in Unarmed Combat
  3836 | D:5      | Noticed Eustachio
  3876 | D:5      | Killed Eustachio
  4002 | D:5      | Reached skill level 5 in Fighting
  4426 | D:6      | Reached skill level 8 in Unarmed Combat
  4426 | D:6      | Found a snail-covered altar of Cheibriados.
  4693 | D:6      | Found a staircase to the Ecumenical Temple.
  4796 | Temple   | Entered the Ecumenical Temple
  5568 | D:7      | Reached XP level 9. HP: 64/88 MP: 8/8
  5706 | D:7      | Found a shadowy altar of Dithmenos.
  5901 | D:7      | Reached skill level 9 in Unarmed Combat
  6085 | D:7      | Noticed an unseen horror
  6089 | D:7      | Killed an unseen horror
  6105 | D:7      | Found a runed translucent gate.
  6105 | D:7      | Found a runed translucent gate.
  6107 | D:7      | Found a runed translucent gate.
  6108 | D:7      | Noticed CertainDeath's ghost (novice TrTm)
  6109 | D:7      | Noticed Zeldest's ghost (novice OgCK)
  6109 | D:7      | Noticed smilodon's ghost (amateur TrFi)
  6701 | D:8      | Found the ring of Shadows {Umbra +Inv Stlth+}
  6894 | D:8      | Found a white marble altar of Elyvilon.
  7048 | D:8      | Found an ornate altar of the Wu Jian Council.
  7054 | D:8      | Became a worshipper of the Wu Jian Council
  7199 | D:8      | Found an opulent altar of Gozag.
  7728 | D:9      | Found a staircase to the Orcish Mines.
  7762 | D:9      | Paralysed by a hornet for 3 turns
  7770 | D:9      | HP: 4/89 [hornet (14)]
  7773 | D:9      | Reached skill level 10 in Unarmed Combat
  7964 | D:9      | Got Bentuc's Book of Creative Curses
  7969 | D:9      | Noticed Harold
  8598 | D:10     | Entered Level 10 of the Dungeon
  8671 | D:10     | Noticed a komodo dragon
  8680 | D:10     | Killed a komodo dragon
  8681 | D:10     | Reached XP level 10. HP: 100/100 MP: 9/9
  8729 | D:10     | Noticed a two-headed ogre
  8988 | D:10     | Found a radiant altar of Vehumet.
  9150 | D:10     | Identified the +2 scale mail of Kleptomania {*Slow rElec
                  | Regen+ MP+9}
  9282 | D:10     | Killed a two-headed ogre
  9283 | D:10     | Reached skill level 11 in Unarmed Combat
  9292 | D:10     | Reached * piety under Wu Jian
  9566 | D:9      | Killed Harold
  9694 | D:8      | Identified the +11 mace of Cruel Justice {vorpal, Int+5}
  9696 | D:8      | Identified the +8 war axe of Oviovam {vorpal, +Blink rCorr
                  | Int-4 Dex+4}
  9881 | D:11     | Reached skill level 12 in Unarmed Combat
  9922 | D:11     | Found a staircase to the Lair.
 10033 | D:11     | Noticed a red ugly thing
 10046 | D:11     | Killed a red ugly thing
 10047 | D:11     | Reached XP level 11. HP: 41/109 MP: 10/10
 10115 | D:11     | Noticed a boulder beetle
 10202 | D:11     | Killed a boulder beetle
 10585 | D:11     | Found Ruqenuj's Armour Shoppe.
 10805 | Lair:1   | Entered Level 1 of the Lair of Beasts
 10818 | D:11     | Reached ** piety under Wu Jian
 10824 | D:11     | Reached skill level 13 in Unarmed Combat
 11161 | Lair:1   | Slain by a komodo dragon

Illustrated notes

Levels and vault maps discovered:
D:1:      lemuel_arrival_cross, layout_basic, chequers_ecumenical_altar_simple
D:2:      layout_basic, serial_shops, nicolae_diamond_shop,
          nicolae_shop_statue_plus, nicolae_shop_temple_entry_statues_fountains,
          corexii_shack, uniq_natasha
D:3:      layout_basic, nicolae_overflow_ecumenical_swirl, serial_curves,
          eino_curves_03, eino_curves_01
D:4:      nicolae_BIG_FREAKIN_CUBE, layout_layer_cave, old_standard_altar,
          amcnicky_altar_gilded, uniq_menkaure
D:5:      layout_loops_ring, uniq_eustachio
D:6:      layout_loops_cross, lemuel_round_altar, minmay_temple_entry_wispy,
          amcnicky_mini_pool_small, grunt_ministairs_1, nrook_mini_vaults
D:7:      layout_loops_ring, kennysheep_mini, gammafunk_ghost_cemetery
D:8:      layout_layer_cave, elyvilon_altar_3, kennysheep_little_box,
          nicolae_wu_jian_glorious_leap, minivault_10
D:9:      layout_roguey, minmay_orc_entry_temple_small, nicolae_wand_duel,
          uniq_harold
D:10:     layout_cave_pools, fiery_altar_vehumet, hex_tiny,
          minmay_misc_feat_cross
D:11:     layout_irregular_city, due_lair_maze_entry_diamond, serial_shops,
          shop_statue
Temple:   compressed_dpeg_triangle_lava_temple
Lair:1:   layout_misc_corridors

Skill      XL: |  1  2  3  4  5  6  7  8  9 10 11 |
---------------+----------------------------------+-----
Shields        | 3 4 6 7 8 9 |  9.2
Unarmed Combat | 3 4 5 6 8 10 12 13 | 13.5
Fighting       | 3 4 5 6 7 8 |  8.4
Dodging        | |  2.4

Action                   |  1- 3 |  4- 6 |  7- 9 | 10-12 || total
-------------------------+-------+-------+-------+-------++-------
Melee: Unarmed           |    89 |   139 |   351 |   285 ||   864
Throw: Dart              |       |     4 |    13 |     8 ||    25
       Stone             |       |     2 |     5 |       ||     7
Invok: Lunge             |       |       |     6 |    10 ||    16
       Whirlwind         |       |       |       |    35 ||    35
  Use: Scroll            |       |     3 |     8 |     3 ||    14
       Potion            |       |     1 |     2 |     5 ||     8
 Stab: Sleeping          |       |     2 |     2 |     2 ||     6
       Invisible         |       |       |       |     2 ||     2
Armor: Robe              |    24 |    47 |    61 |    19 ||   151
       Troll leather arm |       |       |       |    44 ||    44
Dodge: Dodged            |    26 |    58 |   108 |   104 ||   296
Block: Kite shield       |    37 |    55 |   122 |   135 ||   349
